 Dungeon Crawl Stone Soup version 0.22.1-2-g9c5b331 (webtiles) character file.

5448 MalarOregon the Spear-Bearer (level 10, -12/69 HPs)
             Began as a Merfolk Ice Elementalist on Nov 19, 2018.
             Was a Follower of Hepliaklqana.
             Killed from afar by an electric eel (13 damage)
             ... with a bolt of electricity
             ... on level 8 of the Dungeon on Nov 20, 2018.
             The game lasted 00:32:11 (12040 turns).

MalarOregon the Spear-Bearer (MfIE)                Turns: 12040, Time: 00:32:12

Health: -12/69     AC:  8    Str: 10    XL:     10   Next: 68%
Magic:  19/19      EV: 17    Int: 17    God:    Hepliaklqana [*.....]
Gold:   354        SH:  0    Dex: 14    Spells: 7/21 levels left

rFire    . . .     SeeInvis .   a - +0 spear
rCold    . . .     Gourm    .   (no shield)
rNeg     . . .     Faith    .   r - +0 robe
rPois    .         Spirit   .   q - +1 helmet
rElec    .         Reflect  .   F - +2 cloak {MR+}
rCorr    .         Harm     .   (no gloves)
MR       +....                  (no boots)
Stlth    ++........             (no amulet)
HPRegen  0.21/turn              s - +1 ring of protection
MPRegen  0.16/turn              c - ring of wizardry

@: no status effects
A: change form in water, swift swim, stealthy swim, reduced essence
a: Recall Ancestor, Ancestor Identity, Renounce Religion


You were on level 8 of the Dungeon.
You worshipped Hepliaklqana.
Hepliaklqana was aware of your devotion.
You were not hungry.

You visited 2 branches of the dungeon, and saw 9 of its levels.
You also visited: Ossuary.

You collected 354 gold pieces.

Inventory:

Hand Weapons
 a - a +0 spear (weapon)
   (You took it off a gnoll on level 2 of the Dungeon)
 w - a +2 blowgun
   (You took it off a kobold on level 3 of the Dungeon)
Missiles
 b - a tomahawk of returning (quivered)
 u - 33 poisoned needles
 H - 8 curare-tipped needles {!f}
Armour
 q - a +1 helmet (worn)
   (You found it on level 2 of the Dungeon)
 r - a +0 robe (worn)
 F - a +2 cloak of magic resistance (worn)
   (You took it off Crazy Yiuf on level 7 of the Dungeon)
Jewellery
 c - a ring of wizardry (right hand)
   (You took it off an orc on level 7 of the Dungeon)
 s - a +1 ring of protection (left hand)
   (You found it on level 3 of the Dungeon)
Wands
 d - a wand of iceblast (10)
   (You found it on level 4 of the Dungeon)
Scrolls
 f - 3 scrolls of amnesia
 h - 4 scrolls of remove curse {@r2}
 i - a scroll of fog
 k - 7 scrolls of identify {@r1}
 p - 3 scrolls of fear
 v - a scroll of teleportation {@r4}
 y - a scroll of noise {!r}
Potions
 g - 3 potions of lignification {!q}
 j - 3 potions of flight
 l - 2 potions of haste {@q3}
 m - 3 potions of berserk rage
 n - a potion of mutation {!q}
 o - 3 potions of curing {@q1}
 t - 4 potions of degeneration {!q}
 z - a potion of ambrosia
 B - a potion of resistance {unknown}
 C - a potion of cancellation
 E - a potion of agility
Comestibles
 e - 13 rations {!d}
 x - 2 chunks of flesh


   Skills:
 + Level 6.5 Fighting
 * Level 11.5 Polearms
 - Level 4.0 Throwing
 + Level 8.5 Dodging
 - Level 3.0 Stealth
 + Level 6.1 Spellcasting
 - Level 1.0 Conjurations
 + Level 7.4 Ice Magic


You had 7 spell levels left.
You knew the following spells:

 Your Spells              Type           Power        Failure   Level  Hunger
a - Freeze                Ice            ####         1%          1    None
b - Ozocubu's Armour      Chrm/Ice       ###.....     3%          3    ##.....
c - Throw Icicle          Conj/Ice       ###.....     9%          4    ####...
d - Summon Ice Beast      Ice/Summ       ###.....     11%         4    ####...
x - Throw Frost           Conj/Ice       ###...       1%          2    None

Your spell library contained the following spells:

 Spells                   Type           Power        Failure   Level  Hunger
 Infusion                 Chrm           #...         5%          1    None
 Summon Small Mammal      Summ           #...         5%          1    None
 Shroud of Golubria       Chrm/Tloc      #.........   8%          2    None
 Summon Forest            Summ/Tloc      #.........   77%         5    #####..
 Ring of Flames           Chrm/Fire      #.........   100%        7    #######


Dungeon Overview and Level Annotations

Branches:
Dungeon (8/15)             Temple (1/1) D:5
   Lair: D:8-11

Altars:
Ashenzari
Dithmenos
Fedhas
Gozag
Hepliaklqana
Kikubaaqudgha
Makhleb
Nemelex Xobeh
Qazlal
Ru
Sif Muna
Trog
Uskayaw
Vehumet
Wu Jian
Xom
Yredelemnul
Zin
The Shining One


Message History

Throwing (i - inventory)
b - 2 tomahawks of returning (quivered)
Aim: an electric eel (water, moderately wounded)
You throw a tomahawk of returning.
The tomahawk of returning hits the electric eel but does no damage.
The tomahawk of returning returns to your pack!
An orc comes into view. It is wielding an enchanted whip.
Decima casts a spell at the electric eel.
The puff of frost hits the electric eel.
The electric eel shoots out a bolt of lightning at you!
The bolt of electricity hits you!
Throwing (i - inventory)
b - 2 tomahawks of returning (quivered)
Aim: an electric eel (water, moderately wounded)
You throw a tomahawk of returning.
The tomahawk of returning hits the electric eel!
The tomahawk of returning returns to your pack!
Decima completely misses the electric eel.
The electric eel shoots out a bolt of lightning at you!
The bolt of electricity hits you!
Throwing (i - inventory)
b - 2 tomahawks of returning (quivered)
Aim: an electric eel (water, severely wounded)
You throw a tomahawk of returning.
The tomahawk of returning closely misses the electric eel.
You hear a splash.
The tomahawk of returning fails to return to your pack!
The electric eel shoots out a bolt of lightning at Decima!
The bolt of electricity hits Decima.
An electric eel comes into view.
The electric eel shoots out a bolt of lightning at you!
The bolt of electricity hits you!
* * * LOW HITPOINT WARNING * * *
Decima barely misses the electric eel.
The electric eel shoots out a bolt of lightning at you!
The bolt of electricity hits you!
* * * LOW HITPOINT WARNING * * *
The electric eel shoots out a bolt of lightning at Decima!
The bolt of electricity hits Decima.
Decima gestures at the electric eel while chanting.
The stone arrow hits the electric eel.
The electric eel dies!
The electric eel shoots out a bolt of lightning at you!
The bolt of electricity hits the electric eel.
The electric eel completely resists.
The bolt of electricity hits you!
* * * LOW HITPOINT WARNING * * *
Unknown command.
The electric eel shoots out a bolt of lightning at you!
The bolt of electricity hits you!
* * * LOW HITPOINT WARNING * * *
The electric eel shoots out a bolt of lightning at you!
The bolt of electricity hits you!
You die...

(≈≈≈ #.....# # #(".#.#.#
≈≈;≈≈≈#.....# #.##.#)#.#.#
.(≈≈≈≈#.....# #..R##.#.#.#
≈o≈≈≈;'.....# #.####R..#.#.#
≈≈≈≈(;#.....# #....R####.#.#
.≈.≈.≈≈≈≈R......#.######R....#.#
≈≈≈≈≈≈.≈≈≈......#.......######.#
;≈≈≈≈≈≈.........########.......#
;.;≈≈≈≈...#.....@.......########
.≈≈≈≈.≈≈..#....)...............
.≈....≈...#.(..#####..#.#######
.;......≈.#....# #.R....#
..........#....###)##.###
.........)#....).))##.#####
....#######....#.......[..#
.†.............#<.........#
...............#..........#


You could see the friendly Decima the battlemage and 2 electric eels.

Vanquished Creatures
  A deep elf mage (D:8)
  A troll (D:8)
  An orc warrior (D:7)
  2 ice beasts
  2 sky beasts (D:6)
  2 ogres
  A wolf (D:8)
  A big kobold (D:8)
  A bullfrog (D:8)
  4 water moccasin zombies (Ossuary)
  4 scorpions
  6 killer bees (D:8)
  A howler monkey (D:4)
  An electric eel (D:8)
  A crimson imp (D:6)
  A bullfrog zombie (D:6)
  5 hounds
  4 orc priests
  5 orc wizards
  2 iguanas (D:5)
  A worker ant (D:4)
  A big kobold zombie (Ossuary)
  2 hound skeletons
  2 mummies (Ossuary)
  4 gnolls
  14 adders
  4 shadow imps
  An ooze (D:6)
  7 adder zombies (Ossuary)
  3 worms
  2 dart slugs
  4 leopard geckos
  37 orcs
  A ball python (D:1)
  8 giant cockroaches
  6 goblins
  6 hobgoblins
  9 jackals
  3 quokkas
  6 bats
  8 frilled lizards
  3 gnoll zombies (Ossuary)
  7 hobgoblin zombies (Ossuary)
  10 kobolds
  A kobold zombie (Ossuary)
  A leopard gecko skeleton (D:7)
  3 orc zombies (Ossuary)
  4 rats
  A fungus (D:7)
205 creatures vanquished.

Vanquished Creatures (collateral kills)
  A two-headed ogre (D:7)
  Pikel (D:7)
  A hippogriff (D:8)
  A water moccasin (D:7)
  An ice beast (D:8)
  2 orc warriors
  A phantom (D:8)
  2 wolves (D:8)
  A centaur (D:5)
  2 bullfrogs
  An electric eel (D:8)
  A howler monkey (D:6)
  A bullfrog zombie (D:8)
  3 hounds
  An orc priest (D:7)
  Crazy Yiuf (D:7)
  2 orc wizards (D:8)
  3 worker ants
  A worm (D:5)
  5 orcs
  5 jackals (D:7)
  3 quokkas
  2 quokka skeletons
  2 fungi (D:7)
44 creatures vanquished.

Vanquished Creatures (others)
  3 battlemagi (D:8)
  2 ancestors (D:7)
5 creatures vanquished.

Grand Total: 254 creatures vanquished

Notes
Turn   | Place    | Note
-------+----------+-------------------------------------------
     0 | D:1      | MalarOregon the Merfolk Ice Elementalist began the quest
                  | for the Orb.
     0 | D:1      | Reached XP level 1. HP: 13/13 MP: 3/3
   335 | D:1      | Reached XP level 2. HP: 15/20 MP: 1/5
   407 | D:1      | Learned a level 2 spell: Throw Frost
  1062 | D:1      | Reached skill level 1 in Fighting
  1205 | D:1      | Reached XP level 3. HP: 5/26 MP: 0/6
  1463 | D:1      | Learned a level 3 spell: Ozocubu's Armour
  1923 | D:2      | Reached XP level 4. HP: 32/32 MP: 3/8
  2387 | D:2      | Reached XP level 5. HP: 13/37 MP: 0/9
  2824 | D:2      | Reached skill level 1 in Throwing
  2928 | D:3      | Reached skill level 1 in Polearms
  2934 | D:3      | Found a burning altar of Makhleb.
  3393 | D:3      | Reached skill level 2 in Polearms
  3635 | D:3      | Found an ancient bone altar of Kikubaaqudgha.
  4355 | D:4      | Reached XP level 6. HP: 44/44 MP: 2/10
  4590 | D:4      | Reached skill level 3 in Polearms
  4593 | D:4      | Found a sand-covered staircase.
  4617 | Ossuary  | Entered an ossuary
  4981 | Ossuary  | Reached XP level 7. HP: 30/51 MP: 7/11
  5003 | Ossuary  | Reached skill level 4 in Polearms
  6138 | D:4      | Reached skill level 5 in Polearms
  6332 | D:4      | Reached skill level 5 in Dodging
  6332 | D:4      | Reached skill level 5 in Ice Magic
  6375 | D:4      | Reached XP level 8. HP: 52/58 MP: 4/13
  6631 | D:4      | Found an ornate altar of the Wu Jian Council.
  6632 | D:4      | Found a radiant altar of Vehumet.
  6770 | D:5      | Entered Level 5 of the Dungeon
  6809 | D:5      | Found a staircase to the Ecumenical Temple.
  6838 | D:5      | Reached skill level 6 in Polearms
  6866 | Temple   | Entered the Ecumenical Temple
  7122 | Temple   | Became a worshipper of Hepliaklqana the Forgotten
  7396 | D:5      | Learned a level 4 spell: Summon Ice Beast
  7403 | D:5      | Learned a level 4 spell: Throw Icicle
  7669 | D:5      | Reached skill level 1 in Conjurations
  7791 | D:5      | Found a stormy altar of Qazlal.
  8184 | D:6      | Reached * piety under Hepliaklqana
  8206 | D:6      | Reached skill level 7 in Polearms
  8527 | D:6      | Found a shimmering altar of Xom.
  8556 | D:6      | Reached XP level 9. HP: 38/59 MP: 4/15
  9206 | D:6      | Reached skill level 8 in Polearms
  9656 | D:7      | Noticed a two-headed ogre
  9664 | D:7      | Killed a two-headed ogre
  9664 | D:7      | Reached skill level 5 in Fighting
  9968 | D:7      | Reached ** piety under Hepliaklqana
 10009 | D:7      | Remembered your ancestor Decima as a battlemage
 10020 | D:7      | Reached skill level 5 in Spellcasting
 10035 | D:7      | Identified the Grimoire of the Peculiar Scars
 10062 | D:7      | Reached skill level 9 in Polearms
 10189 | D:7      | Noticed Pikel
 10206 | D:7      | Killed Pikel
 10704 | D:7      | Found a runed door.
 10708 | D:7      | Noticed Crazy Yiuf
 10715 | D:7      | Killed Crazy Yiuf
 10975 | D:8      | Noticed a deep elf mage
 10982 | D:8      | Reached XP level 10. HP: 54/66 MP: 11/18
 10988 | D:8      | Killed a deep elf mage
 10988 | D:8      | Reached skill level 10 in Polearms
 11377 | D:8      | Reached skill level 11 in Polearms
 12040 | D:8      | HP: 1/69 [electric eel/bolt of electricity (13)]
 12040 | D:8      | Killed from afar by an electric eel

Skill      XL: |  1  2  3  4  5  6  7  8  9 10 |
---------------+-------------------------------+-----
Dodging        | 3 4 5 6 7 8 |  8.5
Fighting       | 1 2 3 4 5 6 |  6.5
Stealth        | 3 |  3.0
Ice Magic      | 4 5 6 7 |  7.4
Throwing       | 1 2 3 4 |  4.0
Polearms       | 2 3 5 7 9 11 | 11.5
Spellcasting   | 3 4 5 6 |  6.1
Conjurations   | 1 |  1.0

Action                   |  1- 3 |  4- 6 |  7- 9 | 10-12 || total
-------------------------+-------+-------+-------+-------++-------
Melee: Short sword       |    44 |    29 |       |       ||    73
       Spear             |       |   201 |   522 |   100 ||   823
Throw: Javelin           |       |       |     2 |     3 ||     5
       Tomahawk          |       |       |       |     5 ||     5
 Cast: Freeze            |    42 |    72 |   114 |    42 ||   270
       Throw Frost       |     3 |    15 |    15 |    16 ||    49
       Ozocubu's Armour  |       |     2 |     6 |     2 ||    10
       Summon Ice Beast  |       |       |     3 |       ||     3
Invok: Ancestor Life: Ba |       |       |     1 |       ||     1
  Use: Potion            |       |     2 |     2 |       ||     4
       Scroll            |       |       |    19 |     1 ||    20
 Stab: Sleeping          |     3 |    10 |    14 |       ||    27
       Distracted        |       |       |     2 |     1 ||     3
  Eat: Chunk             |     4 |    11 |    18 |     3 ||    36
       Ration            |       |       |     1 |       ||     1
Armor: Robe              |    17 |    28 |    77 |    16 ||   138
Dodge: Dodged            |    72 |   177 |   273 |    65 ||   587
